[Event "42nd Olympiad Baku 2016 Open"]
[Site "Baku"]
[Date "2016.09.06"]
[Round "5.31"]
[White "Soares, Erikson Roberto Mau"]
[Black "Huguet, Sergio"]
[Result "1/2-1/2"]
[ECO "D79"]
[WhiteElo "2274"]
[BlackElo "2099"]
[Annotator ""]
[PlyCount "156"]
[EventDate "2016.??.??"]
[EventType "team-tourn"]
[EventCountry "AZE"]
[SourceTitle "playchess.com"]
[Source "ChessBase"]
[WhiteTeam "Angola"]
[BlackTeam "Honduras"]
[WhiteTeamCountry "ANG"]
[BlackTeamCountry "HON"]
[TimeControl "40/5400+30:1800+30"]

1. Nf3 {(00:00)} Nf6 {(00:00)} 2. g3 {(00:00)} g6 {
(00:00)} 3. Bg2 {(00:00)} Bg7 {(00:14)} 4. d4 {(00:
00)} d5 {(00:56)} 5. O-O {(00:00)} O-O {(00:41)} 6. c4 {
(00:06)} c6 {(00:58)} 7. cxd5 {(01:31)} cxd5 {(00:
20)} 8. Nc3 {(00:01)} Nc6 {(00:58)} 9. Ne5 {(00:02)} e6 {
(04:06)} 10. Nxc6 bxc6 {(00:17)} 11. Bf4 {(02:02)} Nh5 {
(06:49)} 12. Na4 {(03:56)} Nxf4 {(06:22)} 13. gxf4 {
(00:02)} g5 {(19:05)} 14. fxg5 Qxg5 {(01:38)} 15. f4 {
(02:05)} Qe7 {(05:09)} 16. e3 {(03:10)} Bd7 {(04:
20)} 17. Rc1 {(00:41)} Rfc8 {(01:21)} 18. Nc5 {(05:04)}
Rab8 {(01:48)} 19. b3 {(00:35)} f5 {(08:21)} 20. Bf3 {
(05:37)} Bf8 {(01:28)} 21. Kh1 {(06:26)} Kh8 {(00:
31)} 22. Nd3 {(02:49)} Bg7 {(03:39)} 23. Rg1 {(02:01)} Bf6
{(02:11)} 24. Nc5 {(01:44)} Rg8 {(01:01)} 25. Rxg8+ {
(05:02)} Rxg8 {(00:14)} 26. Nxd7 {(00:58)} Qxd7 {(
00:20)} 27. Qc2 {(00:07)} Rc8 {(02:44)} 28. b4 {(00:43)}
Qb7 {(04:11)} 29. a3 {(01:30)} Rc7 {(03:18)} 30. Be2 {
(10:12)} Bd8 {(01:06)} 31. Qc5 {(01:26)} Be7 {(00:
48)} 32. Qa5 {(01:59)} Bd6 {(01:30)} 33. Qa6 Qxa6 {(01:11]
} 34. Bxa6 {(02:18)} Kg8 {(02:02)} 35. Be2 {(02:44)} Kf8 {
(02:50)} 36. Ba6 {(04:29)} Ke8 {(02:28)} 37. Kg2 Kf8 {
(03:38)} 38. Kf3 {(00:49)} Ke8 {(00:47)} 39. Kg3 {(
11:37)} Rg7+ {(02:39)} 40. Kh3 {(00:00)} Rc7 {(00:00)} 41.
Kh4 {(01:27)} Kf7 {(06:50)} 42. Kh5 {(09:37)} Kf6 {
(02:48)} 43. Kh4 {(05:51)} Kf7 {(00:47)} 44. Kg3 {(
00:09)} Ke8 {(01:36)} 45. Kf3 {(00:09)} Kf7 {(00:53)} 46.
Ke2 {(00:16)} Kf6 {(01:57)} 47. Kd3 {(00:43)} Kf7 {
(00:57)} 48. Kc3 {(01:17)} Ke7 {(00:28)} 49. Kb3 {(
00:29)} Ke8 {(00:53)} 50. Ka4 {(00:23)} Kf7 {(01:12)} 51.
Ka5 {(00:38)} Ke7 {(02:09)} 52. Be2 {(01:27)} Ke8 {
(03:08)} 53. Bd1 {(02:15)} Kd7 {(03:03)} 54. Ba4 {(
00:37)} Be7 {(01:02)} 55. Ka6 {(01:58)} Kd6 {(00:45)} 56.
Rc5 {(01:54)} Bh4 {(01:18)} 57. Rc2 {(02:15)} Be7 {
(01:16)} 58. Rc3 {(04:12)} Bh4 {(00:26)} 59. Rc2 {(
08:40)} Be7 {(00:18)} 60. Rxc6+ {(02:50)} Rxc6+ {(00:32)}
61. Bxc6 {(00:01)} Kxc6 {(03:30)} 62. b5+ {(00:13)} Kc7 {
(01:06)} 63. Kxa7 {(00:50)} Bxa3 {(00:53)} 64. b6+ {
(00:01)} Kd7 {(02:39)} 65. b7 {(00:04)} Bd6 {(00:
07)} 66. b8=Q {(00:13)} Bxb8+ {(00:07)} 67. Kxb8 {(00:09)}
Kd8 {(00:24)} 68. Kb7 {(01:10)} Kd7 {(00:15)} 69. Ka8 {
(01:36)} Kc8 {(00:30)} 70. Ka7 {(00:35)} Kc7 {(00:
09)} 71. Ka6 {(00:11)} Kc6 {(00:20)} 72. Ka5 {(00:18)} Kc7
{(00:30)} 73. h3 {(00:41)} h6 {(00:13)} 74. Ka4 {(
00:38)} Kc6 {(00:35)} 75. Ka5 {(00:17)} Kc7 {(00:31)} 76.
Kb5 {(00:26)} Kb7 {(00:17)} 77. h4 {(00:06)} h5 {(
00:08)} 78. Ka4 {(00:34)} Ka6 {(00:29)} 1/2-1/2

[Event "42nd Olympiad Baku 2016 Open"]
[Site "Baku"]
[Date "2016.09.06"]
[Round "5.13"]
[White "Song, Raymond"]
[Black "Tissir, Mohamed"]
[Result "1-0"]
[ECO "A40"]
[WhiteElo "2170"]
[BlackElo "2388"]
[Annotator ""]
[PlyCount "81"]
[EventDate "2016.??.??"]
[EventType "team-tourn"]
[EventCountry "AZE"]
[SourceTitle "playchess.com"]
[Source "ChessBase"]
[WhiteTeam "Taiwan"]
[BlackTeam "Morocco"]
[WhiteTeamCountry "TPE"]
[BlackTeamCountry "MAR"]
[TimeControl "40/5400+30:1800+30"]

1. d4 {(00:00)} e6 {(02:02)} 2. e4 {(00:00)} c5 {(
00:05)} 3. d5 {(00:00)} exd5 {(00:10)} 4. exd5 {(00:00)}
d6 {(00:04)} 5. Nc3 {(04:13)} Be7 {(00:42)} 6. Nf3 {
(02:55)} Nf6 {(00:02)} 7. h3 {(01:24)} O-O {(00:03]
} 8. Be2 {(00:36)} Na6 {(32:48)} 9. O-O {(04:06)} Nc7 {
(01:34)} 10. a4 {(00:07)} b6 {(00:28)} 11. Re1 {(
06:07)} h6 {(05:30)} 12. Bf4 {(05:04)} Bb7 {(00:24)} 13.
Bc4 {(00:14)} a6 {(00:02)} 14. Nh4 {(08:26)} Qd7 {(
04:34)} 15. Rxe7 {(01:47)} Qxe7 {(00:01)} 16. Nf5 {(00:05]
} Qd7 {(00:16)} 17. Nxd6 {(00:19)} Nce8 {(35:03)} 18. Nxb7
{(05:25)} Qxb7 {(00:01)} 19. Qe2 {(00:01)} Nd7 {(
02:10)} 20. Rd1 {(09:04)} Nef6 {(00:13)} 21. d6 {(02:15)}
Rfe8 {(01:34)} 22. Qd3 {(00:02)} b5 {(08:15)} 23. axb5 {
(05:19)} axb5 {(00:01)} 24. Bxb5 {(00:01)} Rad8 {(
00:07)} 25. b3 {(04:25)} Re6 {(04:13)} 26. Bxd7 {(07:20)}
Rxd7 {(01:38)} 27. Qb5 {(09:23)} Qxb5 {(00:39)} 28. Nxb5 {
(00:03)} Re2 {(00:04)} 29. c4 {(00:08)} Ne4 {(00:
35)} 30. f3 {(01:04)} Nf6 {(00:44)} 31. Nc3 {(00:46)} Rc2
{(00:48)} 32. Na4 {(00:01)} Ra7 {(00:13)} 33. Be3 {
(01:36)} Nd7 {(00:01)} 34. Nxc5 {(00:12)} Re2 {(01:
21)} 35. Nxd7 {(00:44)} Rxe3 {(00:29)} 36. Nb6 {(00:27)}
Re8 {(00:32)} 37. d7 {(00:03)} Rd8 {(00:04)} 38. c5 {
(00:31)} Rc7 {(00:13)} 39. b4 {(00:48)} f6 {(00:02]
} 40. Rd5 {(00:00)} Kf7 {(00:00)} 41. b5 {(00:34)} 1-0

[Event "42nd Olympiad Baku 2016 Open"]
[Site "Baku"]
[Date "2016.09.06"]
[Round "5.6"]
[White "Soors, Stef"]
[Black "Hammer, Jon Ludvig"]
[Result "1/2-1/2"]
[ECO "A06"]
[WhiteElo "2398"]
[BlackElo "2651"]
[Annotator ""]
[PlyCount "73"]
[EventDate "2016.??.??"]
[EventType "team-tourn"]
[EventCountry "AZE"]
[SourceTitle "playchess.com"]
[Source "ChessBase"]
[WhiteTeam "Belgium"]
[BlackTeam "Norway"]
[WhiteTeamCountry "BEL"]
[BlackTeamCountry "NOR"]
[TimeControl "40/5400+30:1800+30"]

1. Nf3 {(00:00)} d5 {(00:00)} 2. g3 {(00:00)} c6 {(
01:10)} 3. Bg2 {(00:00)} Bg4 {(00:07)} 4. O-O {(00:27)}
Nd7 {(00:37)} 5. d3 {(00:49)} Ngf6 {(05:10)} 6. h3 {
(00:08)} Bxf3 {(00:12)} 7. Bxf3 {(00:16)} e6 {(00:
16)} 8. Bg2 {(02:45)} Bc5 {(01:01)} 9. e3 {(12:33)} Qc7 {
(01:20)} 10. Qe2 {(01:25)} a5 {(07:46)} 11. Nd2 {(
02:13)} a4 {(02:29)} 12. d4 {(19:44)} Bb6 {(01:41)} 13.
Rd1 {(15:28)} O-O {(00:28)} 14. c4 {(01:18)} Rfe8 {
(00:42)} 15. Rb1 {(11:13)} e5 {(40:58)} 16. dxe5 {(
00:07)} Nxe5 {(00:05)} 17. cxd5 {(00:51)} cxd5 {(00:12)}
18. Nf3 {(02:26)} Nxf3+ {(06:32)} 19. Qxf3 {(03:54)} Qc2 {
(02:46)} 20. Bd2 {(00:09)} Ba5 {(08:34)} 21. Bxa5 {
(02:44)} Rxa5 {(00:07)} 22. Rdc1 {(01:42)} Qd2 {(
00:04)} 23. Qd1 {(09:21)} Qxd1+ {(01:15)} 24. Rxd1 {(00:
01)} Rc8 {(00:42)} 25. Rd4 {(03:55)} h6 {(05:06)} 26. Rb4
{(00:24)} b5 {(01:58)} 27. a3 {(04:58)} Rc5 {(00:
22)} 28. Rd1 {(01:51)} Ra8 {(03:06)} 29. Rbd4 {(01:46)}
Rc2 {(00:05)} 30. R1d2 {(00:19)} Rxd2 {(00:28)} 31. Rxd2 {
(00:01)} Kf8 {(00:56)} 32. Rd4 {(00:20)} Rc8 {(00:
31)} 33. Rb4 {(00:56)} Rc1+ {(00:10)} 34. Kh2 {(01:11)}
Rc2 {(05:49)} 35. Kg1 {(00:01)} Rc1+ {(00:08)} 36. Kh2 {
(00:55)} Rc2 {(00:07)} 37. Kg1 1/2-1/2

[Event "42nd Olympiad Baku 2016 Open"]
[Site "Baku"]
[Date "2016.09.06"]
[Round "5.8"]
[White "Stupak, Kirill"]
[Black "Bok, Benjamin"]
[Result "0-1"]
[ECO "D43"]
[WhiteElo "2561"]
[BlackElo "2592"]
[Annotator ""]
[PlyCount "70"]
[EventDate "2016.??.??"]
[EventType "team-tourn"]
[EventCountry "AZE"]
[SourceTitle "playchess.com"]
[Source "ChessBase"]
[WhiteTeam "Belarus"]
[BlackTeam "Netherlands"]
[WhiteTeamCountry "BLR"]
[BlackTeamCountry "NED"]
[TimeControl "40/5400+30:1800+30"]

1. d4 {(00:00)} Nf6 {(00:00)} 2. c4 {(00:00)} e6 {(
00:00)} 3. Nf3 {(01:36)} d5 {(00:00)} 4. Nc3 {(02:27)} c6
{(00:00)} 5. Bg5 {(00:02)} h6 {(00:04)} 6. Bxf6 {(
00:02)} Qxf6 {(00:07)} 7. e3 {(00:03)} g6 {(00:31)} 8. e4
{(00:07)} dxe4 {(05:18)} 9. Nxe4 {(00:02)} Bb4+ {(
00:08)} 10. Ke2 {(00:01)} Qg7 {(00:08)} 11. c5 {(02:12)}
O-O {(00:15)} 12. Qa4 {(13:03)} Na6 {(01:15)} 13. Ke3 {
(03:03)} b5 {(03:05)} 14. cxb6 {(15:35)} axb6 {(01:
30)} 15. Qxc6 {(00:26)} f5 {(15:43)} 16. Qxa8 {(10:37)}
Nc7 {(33:27)} 17. Nf6+ {(00:19)} Qxf6 {(00:05)} 18. Qc6 {
(18:39)} Nd5+ {(08:05)} 19. Ke2 {(00:40)} Rd8 {(11:
24)} 20. g3 {(16:01)} Bc5 {(10:10)} 21. Qa4 {(00:58)} Nb4
{(00:36)} 22. Rd1 {(02:59)} Bb7 {(01:46)} 23. Rd2 {
(02:59)} Ra8 {(07:21)} 24. Qd1 {(04:05)} Bf8 {(00:
29)} 25. a3 {(00:36)} e5 {(00:10)} 26. axb4 {(04:40)} exd4
{(00:23)} 27. Qb3+ {(01:15)} Kh8 {(00:13)} 28. Rd1 {
(00:41)} Re8+ {(00:59)} 29. Kd2 {(00:16)} Bxf3 {(
00:25)} 30. Qxf3 {(00:33)} d3 {(00:01)} 31. Rb1 {(00:56)}
Bxb4+ {(01:03)} 32. Kxd3 {(00:01)} Qe6 {(00:18)} 33. Kc2 {
(01:03)} Rc8+ {(00:16)} 34. Qc3+ {(00:28)} Bxc3 {(
00:08)} 35. bxc3 {(00:01)} Qc6 {(00:13)} 0-1

[Event "42nd Olympiad Baku 2016 Open"]
[Site "Baku"]
[Date "2016.09.06"]
[Round "5.12"]
[White "Su, Haifeng"]
[Black "Hale, Andrew"]
[Result "1/2-1/2"]
[ECO "B08"]
[WhiteElo "1800"]
[BlackElo "1940"]
[Annotator ""]
[PlyCount "86"]
[EventDate "2016.??.??"]
[EventType "team-tourn"]
[EventCountry "AZE"]
[SourceTitle "playchess.com"]
[Source "ChessBase"]
[WhiteTeam "Guyana"]
[BlackTeam "Channel Islands"]
[WhiteTeamCountry "GUY"]
[BlackTeamCountry "GCI"]
[TimeControl "40/5400+30:1800+30"]

1. e4 {(00:00)} g6 {(00:00)} 2. d4 {(00:00)} Bg7 {(
00:00)} 3. Nf3 {(00:03)} d6 {(00:18)} 4. Be2 {(00:30)} Nf6
{(00:20)} 5. Nc3 {(00:16)} O-O {(01:06)} 6. O-O {(
00:25)} a6 {(01:15)} 7. a4 {(00:49)} b6 {(00:24)} 8. Re1 {
(02:41)} e6 {(01:11)} 9. Bg5 {(01:39)} h6 {(01:28)}
10. Bh4 {(02:13)} g5 {(04:28)} 11. Bg3 {(00:11)} Bb7 {
(02:10)} 12. Bf1 {(10:51)} Nh5 {(05:32)} 13. e5 {(
11:45)} Nxg3 {(00:45)} 14. hxg3 {(00:25)} dxe5 {(06:24)}
15. dxe5 {(08:31)} Nd7 {(01:47)} 16. Ne4 {(11:09)} g4 {
(09:21)} 17. Nh4 {(13:25)} Nxe5 {(03:24)} 18. Bd3 {
(10:31)} Qd4 {(15:15)} 19. Nf6+ {(12:56)} Bxf6 {(
04:53)} 20. Bh7+ {(00:33)} Kxh7 {(00:11)} 21. Qxd4 {(00:
08)} Nf3+ {(00:03)} 22. Nxf3 {(00:14)} Bxd4 {(00:05)} 23.
Nxd4 {(00:20)} c5 {(02:25)} 24. Nb3 {(03:41)} Rad8 {
(00:58)} 25. Rad1 {(01:08)} Kg7 {(05:02)} 26. c4 {(
00:30)} Kf6 {(00:27)} 27. a5 {(00:21)} bxa5 {(01:44)} 28.
Nxc5 {(01:10)} Bc6 {(01:21)} 29. Nxa6 {(01:14)} e5 {
(00:39)} 30. b4 {(00:40)} axb4 {(00:48)} 31. Nxb4 {
(00:09)} Ba8 {(00:37)} 32. Ra1 {(02:31)} Rb8 {(02:
17)} 33. Nd5+ {(01:08)} Bxd5 {(01:36)} 34. cxd5 {(00:36)}
Rb6 {(00:44)} 35. Rec1 {(01:06)} Rd8 {(02:43)} 36. Rc6+ {
(00:46)} Rxc6 {(00:07)} 37. dxc6 {(00:07)} Rc8 {(
00:25)} 38. Rc1 {(02:28)} Rc7 {(00:38)} 39. Kf1 {(00:23)}
Ke6 {(00:15)} 40. Ke2 {(00:00)} Kd5 {(00:00)} 41. Ke3 {
(04:07)} f5 {(09:21)} 42. Rd1+ {(00:47)} Kxc6 {(02:
24)} 43. Rh1 {(00:46)} Kd5 {Kd4+} 1/2-1/2

[Event "42nd Olympiad Baku 2016 Open"]
[Site "Baku"]
[Date "2016.09.06"]
[Round "5.7"]
[White "Subramaniam, Sumant"]
[Black "Salih, Akar Ali Salih"]
[Result "0-1"]
[ECO "D77"]
[WhiteElo "2137"]
[BlackElo "2302"]
[Annotator ""]
[PlyCount "96"]
[EventDate "2016.??.??"]
[EventType "team-tourn"]
[EventCountry "AZE"]
[SourceTitle "playchess.com"]
[Source "ChessBase"]
[WhiteTeam "Malaysia"]
[BlackTeam "Iraq"]
[WhiteTeamCountry "MAS"]
[BlackTeamCountry "IRQ"]
[TimeControl "40/5400+30:1800+30"]

1. Nf3 {(00:00)} Nf6 {(00:02)} 2. d4 {(00:06)} g6 {
(00:54)} 3. c4 {(00:10)} Bg7 {(00:06)} 4. g3 {(00:
29)} O-O {(00:44)} 5. Bg2 {(00:05)} d5 {(00:29)} 6. O-O {
(00:21)} dxc4 {(00:13)} 7. Na3 {(00:11)} c3 {(00:
14)} 8. bxc3 {(00:06)} c5 {(00:04)} 9. e3 {(10:30)} Nc6 {
(01:47)} 10. Bb2 {(10:48)} Bf5 {(18:50)} 11. Nh4 {(
18:53)} Bg4 {(05:25)} 12. Qb3 {(00:29)} Na5 {(02:19)} 13.
Qb5 {(04:16)} Rc8 {(05:38)} 14. dxc5 {(11:04)} Qc7 {
(22:06)} 15. c4 {(05:43)} a6 {(02:33)} 16. Qb4 {(
01:18)} Nd7 {(05:39)} 17. Bxg7 Kxg7 {(01:53)} 18. Qc3+ {(
13:38)} Kg8 {(01:18)} 19. c6 Nxc6 {(00:58)} 20. Rfc1 {(02:
38)} Nc5 {(03:27)} 21. h3 {(05:44)} Bd7 {(00:14)} 22. Nf3
{(00:29)} Rfd8 {(13:36)} 23. Rd1 {(00:07)} Qa5 {(
02:56)} 24. Qb2 {(04:14)} Nb4 {(04:39)} 25. Ne1 {(03:22)}
Ba4 {(02:29)} 26. Rd4 {(00:20)} Nbd3 {(01:38)} 27. Qe2 {
(00:32)} Qc3 {(02:20)} 28. Nec2 {(00:05)} e5 {(00:
42)} 29. Rxd8+ {(01:07)} Rxd8 {(00:01)} 30. Rd1 {(00:14)}
e4 {(00:17)} 31. Qd2 {(03:21)} Qb2 {(00:07)} 32. Rb1 {
(00:06)} Qxa2 {(00:06)} 33. Ra1 {(00:08)} Qb2 {(01:
23)} 34. Rb1 {(00:05)} Qf6 {(00:26)} 35. Nd4 {(00:05)} h5
{(01:09)} 36. Nac2 {(01:46)} Bxc2 {(00:08)} 37. Qxc2 {
(00:10)} h4 {(00:32)} 38. gxh4 {(02:25)} Qxh4 {(00:
09)} 39. Qd2 {(01:25)} Rd6 {(01:03)} 40. f3 {(00:00)} exf3
{(00:00)} 41. Nxf3 {(01:03)} Qg3 {(00:50)} 42. Nd4 {
(00:54)} Ne5 {(16:56)} 43. Qf2 {(02:44)} Qg5 {(08:
30)} 44. Rf1 {(00:32)} Ncd3 {(01:55)} 45. Qe2 {(00:24)}
Rb6 {(00:28)} 46. Rd1 {(02:34)} Rb2 {(00:24)} 47. Rd2 {
(00:05)} Rb1+ {(00:17)} 48. Kh2 {(00:28)} Re1 {(00:
36)} 0-1

[Event "42nd Olympiad Baku 2016 Open"]
[Site "Baku"]
[Date "2016.09.06"]
[Round "5.2"]
[White "Sulskis, Sarunas"]
[Black "Gonzalez Acosta, Bernal"]
[Result "1/2-1/2"]
[ECO "B71"]
[WhiteElo "2519"]
[BlackElo "2481"]
[Annotator ""]
[PlyCount "138"]
[EventDate "2016.??.??"]
[EventType "team-tourn"]
[EventCountry "AZE"]
[SourceTitle "playchess.com"]
[Source "ChessBase"]
[WhiteTeam "Lithuania"]
[BlackTeam "Costa Rica"]
[WhiteTeamCountry "LTU"]
[BlackTeamCountry "CRI"]
[TimeControl "40/5400+30:1800+30"]

1. e4 {(00:00)} c5 {(00:00)} 2. Nf3 {(00:00)} d6 {(
00:00)} 3. d4 {(00:04)} cxd4 {(00:00)} 4. Nxd4 {(00:05)}
Nf6 {(00:00)} 5. Nc3 {(00:07)} g6 {(00:00)} 6. f4 {
(04:57)} Nc6 {(03:11)} 7. Nxc6 {(08:44)} bxc6 {(00:
06)} 8. e5 {(00:05)} Nd7 {(08:45)} 9. exd6 {(05:33)} exd6
{(00:55)} 10. Be3 {(01:54)} Be7 {(08:40)} 11. Be2 {
(04:18)} O-O {(00:45)} 12. O-O {(00:08)} d5 {(04:
10)} 13. Kh1 {(06:11)} Re8 {(08:43)} 14. Bf3 {(08:48)} Bf6
{(05:22)} 15. Bd4 {(11:44)} Ba6 {(19:38)} 16. Rg1 {
(04:04)} Rb8 {(03:01)} 17. Na4 {(03:47)} Rb4 {(13:
27)} 18. c3 {(01:12)} Bxd4 {(00:04)} 19. cxb4 {(00:41)}
Bxg1 {(00:10)} 20. Qxg1 {(00:15)} Be2 {(08:47)} 21. Bxe2 {
(13:15)} Rxe2 {(00:03)} 22. Qxa7 {(00:20)} Nf6 {(
01:48)} 23. Nc3 {(03:36)} Rxb2 {(00:33)} 24. Qd4 {(00:18)}
Ng4 {(03:28)} 25. h3 {(03:50)} Qh4 {(05:00)} 26. Nxd5 {
(04:17)} Re2 {(00:09)} 27. Rc1 {(07:27)} Qg3 {(00:
49)} 28. Ne7+ {(00:49)} Rxe7 {(02:01)} 29. hxg4 {(00:09)}
Re2 {(02:41)} 30. Qd8+ {(01:37)} Kg7 {(00:03)} 31. Qd4+ {
(00:17)} Kg8 {(00:05)} 32. Qd8+ {(01:36)} Kg7 {(00:
03)} 33. Qd4+ {(00:10)} Kh6 {(01:58)} 34. Qg1 {(02:38)}
Qxg4 {(00:44)} 35. Qh2+ {(00:44)} Kg7 {(00:05)} 36. a3 {
(01:27)} Ra2 {(00:56)} 37. Qh3 {(01:11)} Qxh3+ {(
01:36)} 38. gxh3 {(00:07)} Rxa3 {(00:01)} 39. Kg2 {(00:35]
} Rb3 {(00:13)} 40. Rxc6 {(00:00)} Rxb4 {(00:00)} 41. Kg3
{(01:44)} Rb3+ {(02:53)} 42. Kg2 {(04:51)} Rb7 {(
04:18)} 43. Ra6 {(02:05)} Kh6 {(00:16)} 44. f5 {(01:33)}
Kg5 {(00:05)} 45. fxg6 {(00:10)} hxg6 {(00:06)} 46. Ra5+ {
(01:02)} f5 {(00:04)} 47. Ra6 {(00:17)} Rb3 {(00:
17)} 48. Rc6 {(01:55)} Rb2+ {(02:53)} 49. Kf3 {(01:11)}
Rb3+ {(00:38)} 50. Kg2 {(00:07)} f4 {(00:18)} 51. Rc8 {
(01:36)} Rg3+ {(01:48)} 52. Kh2 {(00:06)} Kf5 {(01:
53)} 53. Rc5+ {(01:44)} Ke4 {(03:47)} 54. Rc4+ {(00:25)}
Ke5 {(00:32)} 55. Ra4 {(01:47)} g5 {(02:14)} 56. Ra5+ {
(04:25)} Kf6 {(00:23)} 57. Ra6+ {(02:00)} Kf5 {(00:
03)} 58. Ra5+ {(00:09)} Kg6 {(00:03)} 59. Ra6+ {(02:14)}
Kh5 {(00:03)} 60. Ra8 {(00:08)} Re3 {(00:55)} 61. Rh8+ {
(02:44)} Kg6 {(00:03)} 62. Kg2 {(02:32)} Kf5 {(01:
57)} 63. Ra8 {(00:45)} Rg3+ {(01:37)} 64. Kh2 {(00:06)}
Rd3 {(02:28)} 65. Kg2 {(02:46)} Ke4 {(00:20)} 66. Re8+ {
(01:05)} Kf5 {(00:24)} 67. Rf8+ {(00:23)} Ke6 {(00:
10)} 68. h4 {(01:35)} gxh4 {(02:18)} 69. Rxf4 {(00:06)}
h3+ {(00:04)} 1/2-1/2

[Event "42nd Olympiad Baku 2016 Open"]
[Site "Baku"]
[Date "2016.09.06"]
[Round "5.35"]
[White "Svetushkin, Dmitry"]
[Black "Bartel, Mateusz"]
[Result "1-0"]
[ECO "B51"]
[WhiteElo "2543"]
[BlackElo "2646"]
[Annotator ""]
[PlyCount "95"]
[EventDate "2016.??.??"]
[EventType "team-tourn"]
[EventCountry "AZE"]
[SourceTitle "playchess.com"]
[Source "ChessBase"]
[WhiteTeam "Moldova"]
[BlackTeam "Poland"]
[WhiteTeamCountry "MDA"]
[BlackTeamCountry "POL"]
[TimeControl "40/5400+30:1800+30"]

1. e4 {(00:00)} c5 {(00:00)} 2. Nf3 {(00:06)} d6 {(
00:00)} 3. Bb5+ {(00:41)} Nd7 {(00:00)} 4. c3 {(00:07)}
Ngf6 {(00:00)} 5. Qe2 {(00:05)} a6 {(00:39)} 6. Ba4 {
(00:17)} e6 {(00:55)} 7. O-O {(00:27)} Be7 {(00:06]
} 8. d4 {(00:09)} b5 {(00:05)} 9. Bc2 {(00:05)} Bb7 {
(00:05)} 10. Re1 {(02:59)} O-O {(00:47)} 11. Nbd2 {
(00:07)} cxd4 {(09:51)} 12. cxd4 {(00:09)} Rc8 {(
00:05)} 13. Nf1 {(01:10)} Nh5 {(13:35)} 14. a4 {(09:44)}
bxa4 {(07:06)} 15. Rxa4 {(01:18)} e5 {(06:41)} 16. Bd3 {
(06:15)} a5 {(12:20)} 17. Bd2 {(06:06)} Nf4 {(00:
06)} 18. Bxf4 {(00:24)} exf4 {(00:03)} 19. Qd2 {(03:24)}
d5 {(00:05)} 20. e5 {(07:38)} Bb4 {(02:33)} 21. Rxb4 {
(02:25)} axb4 {(00:07)} 22. Qxf4 {(00:05)} Rc6 {(
02:18)} 23. Ng3 {(01:17)} Ba6 {(03:05)} 24. Bb1 {(05:48)}
Bc8 {(00:10)} 25. h4 {(03:29)} Nb6 {(03:17)} 26. Nh5 {
(04:53)} Rh6 {(09:57)} 27. g4 {(03:56)} Be6 {(05:
39)} 28. Kg2 {(14:50)} Nd7 {(02:04)} 29. Ng3 {(02:32)} f6
{(00:38)} 30. Nf5 {(00:19)} Bxf5 {(03:42)} 31. gxf5 {
(00:40)} Qb8 {(00:41)} 32. Kh3 {(06:23)} Nb6 {(02:
13)} 33. Rg1 {(02:46)} Kh8 {(00:03)} 34. Qg3 {(01:22)} Rg8
{(00:59)} 35. e6 {(02:54)} g5 {(02:04)} 36. Qxb8 {(
05:59)} Rxb8 {(00:25)} 37. Bd3 {(00:55)} Rg8 {(02:13)} 38.
Ba6 {(03:47)} Nc8 {(02:16)} 39. Bxc8 {(01:02)} Rxc8 {
(00:13)} 40. h5 {(00:00)} Rxh5+ {(00:00)} 41. Kg4 {
(05:31)} Rh6 {(00:43)} 42. Ra1 {(00:41)} Rc7 {(10:
40)} 43. Ra8+ {(08:10)} Kg7 {(00:34)} 44. Rd8 {(00:03)}
Re7 {(00:05)} 45. Rxd5 {(01:56)} Rh1 {(01:12)} 46. Rd8 {
(02:53)} h5+ {(06:58)} 47. Kg3 {(00:07)} g4 {(00:
02)} 48. d5 {(04:14)} 1-0

[Event "42nd Olympiad Baku 2016 Open"]
[Site "Baku"]
[Date "2016.09.06"]
[Round "5.4"]
[White "Taalaibekov, Tagir"]
[Black "Ribbegren, Karl Johan"]
[Result "0-1"]
[ECO "A43"]
[WhiteElo "2223"]
[BlackElo "2267"]
[Annotator ""]
[PlyCount "82"]
[EventDate "2016.??.??"]
[EventType "team-tourn"]
[EventCountry "AZE"]
[SourceTitle "playchess.com"]
[Source "ChessBase"]
[WhiteTeam "Kyrgyzstan"]
[BlackTeam "Monaco"]
[WhiteTeamCountry "KGZ"]
[BlackTeamCountry "MNC"]
[TimeControl "40/5400+30:1800+30"]

1. d4 {(00:00)} Nf6 {(00:00)} 2. Nf3 {(00:00)} c5 {
(00:37)} 3. d5 {(00:00)} d6 {(00:44)} 4. c4 {(00:
38)} e5 {(00:43)} 5. Nc3 {(05:53)} Nbd7 {(01:03)} 6. e4 {
(00:20)} a6 {(02:16)} 7. h3 {(00:11)} Be7 {(04:54)}
8. Be3 {(00:54)} Nf8 {(02:03)} 9. Qd2 {(06:31)} Ng6 {
(02:31)} 10. g3 {(03:37)} Bd7 {(02:56)} 11. b3 {(
06:29)} b5 {(08:42)} 12. Qc2 {(02:08)} Rb8 {(05:09)} 13.
Nd2 {(00:17)} Qc8 {(04:15)} 14. Ne2 {(06:18)} Nh5 {
(05:13)} 15. Qc3 {(02:35)} O-O {(03:18)} 16. Rc1 {(
04:42)} Bf6 {(03:27)} 17. Qc2 {(02:41)} Bd8 {(03:31)} 18.
Qc3 {(03:09)} Bf6 {(05:37)} 19. Qc2 {(02:38)} Qd8 {
(01:51)} 20. b4 {(13:19)} cxb4 {(02:56)} 21. c5 {(
00:12)} dxc5 {(00:33)} 22. Bxc5 {(00:54)} Rc8 {(00:54)}
23. Qd3 {(03:50)} Be7 {(02:55)} 24. d6 {(03:54)} Bg5 {
(02:00)} 25. Bg2 {(10:06)} a5 {(08:32)} 26. O-O {(
02:15)} Rc6 {(02:12)} 27. Be3 {(14:07)} Bxe3 {(01:22)} 28.
fxe3 {(00:03)} Qb6 {(02:37)} 29. Rxc6 {(00:07)} Bxc6 {
(00:46)} 30. g4 {(04:44)} Nf6 {(00:28)} 31. Ng3 {(
00:29)} Nf4 {(06:46)} 32. Rxf4 {(00:01)} exf4 {(00:14)}
33. Nf5 {(00:04)} fxe3 {(01:26)} 34. Nxe3 {(00:01)} Rd8 {
(02:29)} 35. Kh2 {(02:18)} Qc5 {(01:18)} 36. Nf5 {(
01:08)} Qe5+ {(00:18)} 37. Kh1 {(00:46)} Kf8 {(01:41)} 38.
g5 {(01:08)} Nh5 {(01:16)} 39. Qf3 {(00:26)} g6 {(
01:45)} 40. Nh6 {(00:00)} Qf4 {(00:00)} 41. Nb3 {(13:46)}
Bxe4 {(05:06)} 0-1